 Dungeon Crawl Stone Soup version 0.31-a0-267-g3fc6992b3b (webtiles) character file.

Game seed: 18189298107951157723

630 qw the Shooter (level 7, -2/43 HPs)
             Began as a Gargoyle Hexslinger on July 14, 2023.
             Was an Initiate of Okawaru.
             Slain by a hell rat (12 damage)
             ... in a sewer.
             The game lasted 00:01:46 (4459 turns).

qw the Shooter (Gargoyle Hexslinger)                Turns: 4459, Time: 00:01:46

Health: -2/43      AC: 15    Str: 12      XL:     7   Next: 48%
Magic:  6/8        EV: 14    Int:  7 (8)  God:    Okawaru [......]
Gold:   107        SH:  0    Dex: 20      Spells: 7/8 levels left

rFire   x . .        Y - +1 sling
rCold   . . .        (no shield)
rNeg    + . .        e - +0 ring mail
rPois   inf          (no helmet)
rElec   +            (no cloak)
rCorr   .            (no gloves)
SInv    +            (no boots)
Will    .....        (no amulet)
Stlth   +++          j - +4 ring of protection
HPRegen 1.07/turn    d - ring "Tithree" {Contam rPois Int-5 Dex+6 SInv}
MPRegen 0.11/turn

%: no passive effects
@: about to teleport, heroic
A: sickness immunity, AC +4, negative energy resistance 1, electricity
resistance, torment resistance 1, petrification resistance, talons 1,
deterioration 1, regeneration 1, heat vulnerability 1
a: Renounce Religion


You were in a sewer.
You worshipped Okawaru.
Okawaru was noncommittal.
You visited 2 branches of the dungeon, and saw 7 of its levels.
You also visited: Sewer.

You collected 233 gold pieces.
You spent 126 gold pieces at shops.


Innate Abilities, Weirdness & Mutations

You are immune to sickness and miasma.
Your stone body is resilient. (AC +4)
You are immune to poison.
You resist negative energy. (rN+)
You are resistant to electric shocks. (rElec)
You are resistant to unholy torment.
You are immune to petrification.
You have sharp toenails.
Your body sometimes deteriorates upon taking damage.
Your natural rate of healing is unusually fast.
You are vulnerable to heat. (rF-)


   Skills:
 - Level 4.0(9.0) Fighting
 + Level 6.9(11.9) Ranged Weapons
 - Level 1.7(6.7) Armour
 - Level 1.5(6.5) Dodging
 - Level 1.0 Spellcasting
 - Level 2.6 Hexes
 - Level 0.6 Invocations


You had 7 spell levels left.
You knew the following spells:

 Your Spells              Type           Power      Damage    Failure   Level
a - Slow                  Hex            16%        N/A       28%         1

Your spell library contained the following spells:

 Spells                   Type           Power      Damage    Failure   Level
 Inner Flame              Hex/Fire       2%         N/A       83%         3
 Portal Projectile        Hex/Tloc       4%         N/A       83%         3
 Cause Fear               Hex            2%         N/A       96%         4

Inventory:

Hand Weapons
 Y - a +1 sling (weapon)
Armour
 e - a +0 ring mail (worn)
Jewellery
 d - the ring "Tithree" (right hand) {Contam rPois Int-5 Dex+6 SInv}
   (You found it on level 2 of the Dungeon)

   [ring of dexterity]

   Int:       It affects your intelligence (-5).
   Dex:       It affects your dexterity (+6).
   rPois:     It protects you from poison.
   SInv:      It lets you see invisible.
   Contam:    It causes magical contamination when unequipped.
 j - a +4 ring of protection (left hand)
Scrolls
 f - 5 scrolls of teleportation
 h - a scroll of identify
Potions
 a - 2 potions of haste
 b - a potion of heal wounds
 c - 2 potions of curing
 g - a potion of brilliance {unknown}
 i - 2 potions of enlightenment
 k - a potion of degeneration {unknown}
 l - a potion of might

Dungeon Overview and Level Annotations

Branches:
Dungeon (6/15)             Temple (1/1) D:4           Sewer (1/1)

Altars:
Ashenzari
Cheibriados
Dithmenos
Elyvilon
Fedhas
Gozag
Hepliaklqana
Kikubaaqudgha
Makhleb
Nemelex Xobeh
Okawaru
Qazlal
Ru
Sif Muna
Trog
Uskayaw
Vehumet
Wu Jian
Xom
Yredelemnul
Zin
The Shining One

Shops:
D:2 (   D:5 !

Annotations:
D:2 1 runed translucent door, Crazy Yiuf


Message History

The sling bullet barely misses the hell rat.
The hell rat barely misses you. The rat bites you but does no damage.
The hell rat bites you.
You shoot a sling bullet.
The sling bullet barely misses the hell rat.
The rat closely misses you. The hell rat bites you.
You shoot a sling bullet.
The sling bullet barely misses the hell rat.
The hell rat bites you.
The rat splashes around in the water.
The hell rat closely misses you. The rat completely misses you.
You shoot a sling bullet.
The sling bullet completely misses the hell rat.
The hell rat bites you.
The rat splashes around in the water.
You shoot a sling bullet.
The sling bullet barely misses the hell rat.
The hell rat barely misses you. The rat barely misses you.
The hell rat barely misses you.
You shoot a sling bullet. The sling bullet hits the hell rat.
The hell rat is lightly wounded.
The rat twitches its whiskers.
The rat bites you but does no damage. The hell rat bites you!
4455 ||| INVOKING Heroism.
You fail to use your ability.
The hell rat bites you! The rat bites you but does no damage.
4456 ||| INVOKING Heroism.
You gain the combat prowess of a mighty hero.
You can no longer gain great but temporary skills.
The hell rat closely misses you. The rat misses you.
You shoot a sling bullet.
The sling bullet hits the hell rat but does no damage.
The hell rat is lightly wounded.
The hell rat closely misses you. The rat bites you but does no damage.
You shoot a sling bullet. The sling bullet hits the hell rat.
The hell rat is lightly wounded.
The hell rat misses you.
The rat splashes around in the water.
The hell rat bites you.
4459 ||| READING 6 scrolls of teleportation.
As you read the scroll of teleportation, it crumbles to dust.
You feel strangely unstable. The rat closely misses you.
The hell rat bites you!
You die...

###...###
#~.~~~..#
##~.~~~~.##
#~~.###...#
##.~## ##~~##
#~~.# .~#.~.#
#~~##~.?##~.#
#..#~~~?!#%%#
#~@r~~~!\#\\#
#~r#.~~?!#.~#
#~%##~.?##~.#
#~.~ ~~.#~~.#
##.~ ~##~~##
#... #..~#
##.. .~~##
....~~~


You could see a hell rat and a rat.

Vanquished Creatures
  A phantom (D:5)
  Blork the orc (D:4)
  A scorpion (D:5)
  2 jellies (D:4)
  A gnoll bouda (D:5)
  Jessica (D:3)
  Terence (D:3)
  3 iguanas
  5 gnolls (D:5)
  4 adders
  3 river rats (Sewer)
  5 dart slugs
  4 orcs (D:4)
  6 bats
  8 endoplasms
  3 giant cockroaches
  8 goblins
  7 hobgoblins
  6 jackals
  5 quokkas
  4 ball pythons
  2 frilled lizards
  2 kobolds
  9 rats
92 creatures vanquished.

Notes
Turn   | Place    | Note
-------+----------+-------------------------------------------
     0 | D:1      | qw the Gargoyle Hexslinger began the quest for the Orb.
     0 | D:1      | Reached XP level 1. HP: 12/12 MP: 2/2
     0 | D:1      | 0 ||| qw: Version: 0.3-a-52-g30416fa
     0 | D:1      | 0 ||| qw: Game counter: 7852
     0 | D:1      | 0 ||| qw: Melee chars always use a shield: true
     0 | D:1      | 0 ||| qw: God list: Okawaru
     0 | D:1      | 0 ||| qw: Allow faded altars: false
     0 | D:1      | 0 ||| qw: Do Orc after clearing Dungeon:15 true
     0 | D:1      | 0 ||| qw: Do second Lair branch before Depths: true
     0 | D:1      | 0 ||| qw: Lair rune preference: random
     0 | D:1      | 0 ||| qw: Goals: Normal
     0 | D:1      | 0 ||| PLANNING D:1-11
   120 | D:1      | Reached XP level 2. HP: 13/16 MP: 3/3
   292 | D:1      | Reached skill level 3 in Ranged Weapons
   303 | D:1      | 303 ||| FLEEEEING.
   304 | D:1      | 304 ||| FLEEEEING.
   564 | D:1      | Reached XP level 3. HP: 21/21 MP: 4/4
   806 | D:1      | 806 ||| UPGRADING to +0 ring mail.
   816 | D:1      | 816 ||| DROPPING +0 robe.
   817 | D:1      | 817 ||| UPGRADING to +4 ring of protection.
   818 | D:1      | 818 ||| READING scroll labelled XALURA QA RIOMM.
   819 | D:1      | 819 ||| READING 2 scrolls labelled FOZELU MIATU.
   820 | D:1      | 820 ||| READING scroll labelled OMUOCOIJAW.
   821 | D:1      | 821 ||| READING scroll labelled YWISAR FOMPIE.
   826 | D:1      | 826 ||| DROPPING scroll of poison.
   827 | D:1      | 827 ||| DROPPING scroll of immolation.
   963 | D:2      | Found Futhe's Weapon Boutique.
  1200 | D:2      | Identified the ring "Tithree" {Contam rPois Int-5 Dex+6
                  | SInv}
  1348 | D:2      | Found a runed translucent door.
  1349 | D:2      | Noticed Crazy Yiuf
  1564 | D:2      | 1564 ||| UPGRADING to ring "Tithree" {Contam rPois Int-5
                  | Dex+6 SInv}.
  1565 | D:2      | 1565 ||| READING scroll labelled ENUOZ VOCRENT.
  1566 | D:2      | 1566 ||| DRINKING 2 orange potions.
  1567 | D:2      | 1567 ||| DROPPING potion of attraction.
  1609 | D:3      | Found a faded altar of an unknown god.
  1649 | D:3      | Noticed Terence
  1661 | D:3      | Killed Terence
  1662 | D:3      | Reached skill level 4 in Ranged Weapons
  1662 | D:3      | Reached XP level 4. HP: 12/26 MP: 5/5
  1857 | D:3      | HP: 6/26 [iguana (4)]
  1860 | D:3      | Reached skill level 1 in Armour
  1874 | D:3      | 1874 ||| FLEEEEING.
  1918 | D:3      | 1918 ||| FLEEEEING.
  1919 | D:3      | 1919 ||| FLEEEEING.
  1920 | D:3      | 1920 ||| FLEEEEING.
  2051 | D:3      | Noticed Jessica
  2053 | D:3      | Killed Jessica
  2054 | D:3      | Reached XP level 5. HP: 30/30 MP: 6/6
  2526 | D:3      | 2526 ||| READING 4 scrolls labelled ZEOHIC QOMPARA.
  2527 | D:3      | 2527 ||| READING scroll labelled SIP GOMAKHLY.
  2528 | D:3      | 2528 ||| DRINKING 2 white potions.
  2529 | D:3      | 2529 ||| DRINKING 2 bubbling red potions.
  2541 | D:3      | 2541 ||| DRINKING 2 inky potions.
  2541 | D:3      | Gained mutation: You expend magic power (3 MP) to
                  | strengthen your wands. [potion of mutation]
  2541 | D:3      | Gained mutation: You are vulnerable to cold. (rC-) [potion
                  | of mutation]
  2542 | D:3      | 2542 ||| DRINKING potion of mutation.
  2542 | D:3      | Lost mutation: You are vulnerable to cold. (rC-) [potion of
                  | mutation]
  2542 | D:3      | Lost mutation: You expend magic power (3 MP) to strengthen
                  | your wands. [potion of mutation]
  2542 | D:3      | Gained mutation: You are strong-willed. (Will+) [potion of
                  | mutation]
  2542 | D:3      | Gained mutation: You are vulnerable to heat. (rF-) [potion
                  | of mutation]
  2542 | D:3      | Gained mutation: You have an increased reservoir of magic.
                  | (+10% MP) [potion of mutation]
  2542 | D:3      | Gained mutation: You expend magic power (3 MP) to
                  | strengthen your wands. [potion of mutation]
  2558 | D:3      | 2558 ||| DROPPING potion of ambrosia.
  2559 | D:3      | 2559 ||| DROPPING 3 scrolls of fog.
  2604 | D:4      | 2604 ||| PLANNING OSSUARY
  2643 | D:4      | Reached skill level 5 in Ranged Weapons
  2771 | D:4      | Reached skill level 3 in Fighting
  2810 | D:4      | Reached XP level 6. HP: 37/37 MP: 8/8
  2821 | D:4      | Found a staircase to the Ecumenical Temple.
  2901 | D:4      | Found a glowing silver altar of Zin.
  3277 | D:4      | 3277 ||| RIP OSSUARY
  3337 | D:4      | 3337 ||| PLANNING TEMPLE
  3337 | D:4      | 3337 ||| DRINKING potion of mutation.
  3337 | D:4      | Lost mutation: You have an increased reservoir of magic.
                  | (+10% MP) [potion of mutation]
  3337 | D:4      | Lost mutation: You expend magic power (3 MP) to strengthen
                  | your wands. [potion of mutation]
  3337 | D:4      | Lost mutation: You are strong-willed. (Will+) [potion of
                  | mutation]
  3337 | D:4      | Gained mutation: Your natural rate of healing is unusually
                  | fast. [potion of mutation]
  3337 | D:4      | Gained mutation: Your body sometimes deteriorates upon
                  | taking damage. [potion of mutation]
  3337 | D:4      | Gained mutation: You have sharp toenails. [potion of
                  | mutation]
  3338 | D:4      | 3338 ||| DRINKING 2 amethyst potions.
  3339 | D:4      | 3339 ||| READING 2 scrolls of identify.
  3339 | D:4      | 3339 ||| IDENTIFYING green potion
  3362 | Temple   | Entered the Ecumenical Temple
  3373 | Temple   | 3373 ||| PLANNING OKAWARU WORSHIP
  3414 | Temple   | Became a worshipper of Warmaster Okawaru
  3415 | Temple   | 3415 ||| PLANNING D:1-11
  3472 | D:4      | Noticed Blork the orc
  3486 | D:4      | Killed Blork the orc
  3673 | D:4      | Reached skill level 6 in Ranged Weapons
  3762 | D:5      | Entered Level 5 of the Dungeon
  3763 | D:5      | 3763 ||| PLANNING SEWER
  3839 | D:5      | Reached XP level 7. HP: 26/43 MP: 8/8
  3918 | D:5      | Found Vuerid's Distillery.
  3921 | D:5      | 3921 ||| BUYING potion of enlightenment (70 gold).
  3921 | D:5      | Bought a potion of enlightenment for 70 gold pieces
  3921 | D:5      | 3921 ||| BUYING potion of might (56 gold).
  3921 | D:5      | Bought a potion of might for 56 gold pieces
  3921 | D:5      | 3921 ||| SHOPLISTING potion of resistance (140 gold, have
                  | 95).
  4028 | D:5      | Found a glowing golden altar of the Shining One.
  4029 | D:5      | You fall into a shaft and drop 1 floor!
  4196 | D:5      | Reached * piety under Okawaru
  4307 | D:5      | Found a basalt altar of Yredelemnul.
  4382 | D:5      | Found a glowing drain.
  4386 | Sewer    | Entered a sewer
  4430 | Sewer    | 4430 ||| Stepping ~*~*~tactically~*~*~ (water).
  4438 | Sewer    | 4438 ||| Stepping ~*~*~tactically~*~*~ (water).
  4455 | Sewer    | 4455 ||| INVOKING Heroism.
  4456 | Sewer    | 4456 ||| INVOKING Heroism.
  4458 | Sewer    | HP: 9/43 [hell rat (6)]
  4459 | Sewer    | 4459 ||| READING 6 scrolls of teleportation.
  4459 | Sewer    | Slain by a hell rat

Levels and vault maps discovered:
D:1:      saegor_arrival_simple_e, layout_basic
D:2:      layout_basic, serial_shops, nicolae_shop_hallway_plus,
          uniq_crazy_yiuf_cottage
D:3:      layout_loops_corners, chequers_ecumenical_altar_simple_redux,
          uniq_jessica, uniq_terence
D:4:      layout_loops_corners, general_overflow_altar,
          minmay_temple_entry_arrows, enter_ossuary_2, uniq_blork_the_orc
D:5:      layout_basic, grunt_temple_overflow_holy_war, gup_sewer_entry_bowl,
          serial_shops, shop
D:6:      kennysheep_steamy, layout_basic, minmay_misc_feat_diagonals
Temple:   hellmonk_temple_of_storms
Sewer:    sewer_hellmonk_bad_rat

Skill      XL: |  1  2  3  4  5  6 |
---------------+-------------------+-----
Ranged Weapons | 3 4 5 6 |  6.9
Fighting       | 2 3 4 |  4.0
Armour         | 1 |  1.7
Dodging        | |  1.5
Spellcasting   | |  1.0
Hexes          | |  2.6
Invocations    | |  0.6

Action                     |  1- 3 |  4- 6 |  7- 9 || total
---------------------------+-------+-------+-------++-------
   Fire: Sling             |   142 |   167 |    92 ||   401
 Invoke: Heroism           |       |       |     1 ||     1
    Use: Scroll            |     5 |     3 |     1 ||     9
         Potion            |     1 |     6 |       ||     7
 Armour: Robe              |    19 |       |       ||    19
         Ring mail         |    27 |    39 |    41 ||   107
  Dodge: Dodged            |    72 |    49 |    50 ||   171

Table legend:
 A = Non-vault XP
 B = Vault XP
 C = Vault XP percentage of total XP
 D = Non-vault monster count
 E = Vault monster count
 F = Vault count percentage of total count
                 A         B        C        D         E       F
            +---------+---------+-------+---------+---------+-------
      Total |     679 |     222 |  24.6 |      78 |      14 |  15.2
            +---------+---------+-------+---------+---------+-------
        D:1 |      37 |       0 |   0.0 |      20 |       0 |   0.0
        D:2 |      43 |       0 |   0.0 |      17 |       0 |   0.0
        D:3 |      59 |      73 |  55.3 |      14 |       2 |  12.5
        D:4 |     193 |      99 |  33.9 |      18 |       1 |   5.3
        D:5 |     347 |       6 |   1.7 |       9 |       3 |  25.0
      Sewer |       0 |      44 | 100.0 |       0 |       8 | 100.0
            +---------+---------+-------+---------+---------+-------
